 Dungeon Crawl Stone Soup version 0.18.1-50-g88ac8fd (webtiles) character file.

7980 pouncival the Fighter (level 11, 0/126 HPs)
             Began as a Minotaur Berserker on Oct 11, 2016.
             Was a High Priest of Trog.
             Killed from afar by Zeloya's ghost (8 damage)
             ... with a zap
             ... on level 1 of the Lair of Beasts.
             The game lasted 01:00:30 (7055 turns).

pouncival the Fighter (Minotaur Berserker)          Turns: 7055, Time: 01:00:30

Health: 0/126      AC: 15    Str: 27    XL:     11   Next: 3%
Magic:  10/10      EV: 17    Int:  2    God:    Trog [*****.]
Gold:   547        SH:  0    Dex: 19    Spells: 0 memorised, 10 levels left

rFire  + . .     SeeInvis .     M - +2 dire flail (protect)
rCold  + . .     Gourm    .     x - +2 ring mail {rC+}
rNeg   . . .     Faith    .     (shield currently unavailable)
rPois  .         Spirit   .     (helmet unavailable)
rElec  .         Dismiss  .     B - +0 cloak
rCorr  .         Reflect  .     (no gloves)
SustAt .         Harm     .     (no boots)
MR     ++...                    (no amulet)
Stlth  ..........               C - +3 ring of dexterity
                                y - +3 ring of dexterity

@: berserking, regenerating, very quick, very resistant to hostile enchantments,
extremely unstealthy
A: retaliatory headbutt, hooves 1, horns 3, blurry vision 1, deterioration 1,
dopey 1, fire resistance 1, frail 2
a: Berserk, Trog's Hand, Brothers in Arms, Burn Spellbooks, Renounce Religion


You were on level 1 of the Lair of Beasts.
You worshipped Trog.
Trog was extremely pleased with you.
You were hungry.

You visited 3 branches of the dungeon, and saw 11 of its levels.
You also visited: Ossuary.

You collected 547 gold pieces.

Inventory:

Hand Weapons
 M - a +2 dire flail of protection (weapon)
Missiles
 u - 4 javelins of penetration
 A - an exploding tomahawk (quivered)
Armour
 x - a +2 ring mail of cold resistance (worn)
 B - a +0 cloak (worn)
 K - a +1 ring mail of positive energy
Jewellery
 b - an uncursed ring of stealth
 l - an uncursed ring of protection from magic
 v - an uncursed ring of fire
 y - a +3 ring of dexterity (left hand)
 C - a +3 ring of dexterity (right hand)
 G - an uncursed ring of sustain attributes
Wands
 i - a wand of slowing (15/48)
 H - a wand of polymorph (11/24)
Scrolls
 a - a scroll of magic mapping
 e - 7 scrolls of teleportation
 f - 2 scrolls of fog
 g - 3 scrolls of enchant weapon
 o - 10 scrolls of identify
 p - 4 scrolls of enchant armour
 t - a scroll of remove curse
 D - a scroll of recharging
Potions
 h - 2 potions of might
 k - 8 potions of curing
 m - a potion of heal wounds
 n - a potion of haste
 r - 2 potions of brilliance
 z - a potion of agility
 F - a potion of flight
Comestibles
 c - 6 bread rations
 d - 4 chunks of flesh
 j - 3 slices of pizza
 q - 3 beef jerkies
 s - 3 meat rations
 w - 4 fruits


   Skills:
 * Level 12.4 Fighting
 + Level 9.4 Maces & Flails
 + Level 8.8 Armour
 + Level 8.0 Dodging
 - Level 0.1 Stealth
   Level 7.0 Shields


You had 10 spell levels left.
You didn't know any spells.

Dungeon Overview and Level Annotations

Branches:
Dungeon (9/15)             Temple (1/1) D:7            Lair (1/8) D:9
    Orc: D:9-12

Altars:
Ashenzari
Cheibriados
Dithmenos
Elyvilon
Fedhas
Gozag
Kikubaaqudgha
Makhleb
Nemelex Xobeh
Okawaru
Pakellas
Qazlal
Ru
Sif Muna
Trog
Vehumet
Xom
Yredelemnul
Zin
The Shining One

Shops:
D:4 }

Annotations:
Lair:1 exclusion: 2 oklob plants, Zeloya's ghost, journeyman KoAE


Innate Abilities, Weirdness & Mutations

You reflexively headbutt those who attack you in melee.
You have a pair of large horns on your head.
You have large cloven feet.
Scrolls take you a little longer to read.
Your body sometimes deteriorates upon taking damage.
You are dopey. (Int -2)
Your flesh is heat resistant.
You are very frail (-20% HP).


Message History

Zeloya's ghost is moderately damaged.
You completely miss Zeloya's ghost. Your kick misses Zeloya's ghost.
Zeloya's ghost is moderately damaged.
Zeloya's ghost hits you.
* * * LOW HITPOINT WARNING * * *
You barely miss Zeloya's ghost. Your headbutt misses Zeloya's ghost.
Zeloya's ghost is moderately damaged.
You hit Zeloya's ghost. Your kick misses Zeloya's ghost.
You headbutt Zeloya's ghost.
Zeloya's ghost is heavily damaged.
Zeloya's ghost hits you.
* * * LOW HITPOINT WARNING * * *
You closely miss Zeloya's ghost. Your kick misses Zeloya's ghost.
You headbutt Zeloya's ghost, but do no damage.
Zeloya's ghost is heavily damaged.
You impale Zeloya's ghost!! Your kick misses Zeloya's ghost.
Zeloya's ghost is severely damaged.
Zeloya's ghost points at you and mumbles some strange words.
The zap hits you!
You die...

#...# ####...## #...... ....(...#
#..... . ........#####......# ..
###................##....
##............##..........#
......#P.#.#...............#.###
#†#.........# #W.................
......#.#.....##@###[....##.#.PP#
.#.....[......................P..
....######.........#...#....#....
.#.... ......##..#...#.........
###.### ..............#......# .
## ###..................##
#...####.#...#......## #...
###...#........ ### ####......###


You could see Zeloya's ghost.

Vanquished Creatures
  Gastronok (D:8)
  Harold (Lair:1)
  The ghost of Suttyogo the Basher, a novice DsBe of Trog (D:9)
  The ghost of Ponchio the Magician, a novice TeCj of Vehumet (Ossuary)
  2 komodo dragons (Lair:1)
  A two-headed ogre (D:8)
  A spriggan (D:7)
  A hippogriff (D:8)
  Menkaure (D:4)
  A porcupine (Lair:1)
  A wasp (D:8)
  A sky beast (D:5)
  An ice beast (D:4)
  2 orc warriors
  3 phantoms
  6 wolves (Lair:1)
  A centaur (D:6)
  A crocodile (Lair:1)
  An ogre (D:6)
  A big kobold (D:8)
  6 giant frogs
  7 water moccasin zombies (Ossuary)
  3 howler monkeys (D:7)
  3 crimson imps (D:5)
  A wasp zombie (D:9)
  4 hounds
  A gnoll shaman (D:6)
  A jelly (D:8)
  Crazy Yiuf (D:5)
  A giant frog skeleton (D:5)
  5 orc priests
  9 orc wizards
  3 iguanas
  2 worker ants
  5 big kobold zombies (Ossuary)
  2 mummies (Ossuary)
  7 adders
  7 gnolls
  An ooze (D:4)
  3 adder zombies (Ossuary)
  An adder skeleton (D:8)
  A worm (D:3)
  3 dart slugs
  4 giant geckos
  49 orcs
  4 giant cockroaches
  2 gnoll zombies (Ossuary)
  8 goblins
  5 hobgoblins
  3 jackals (D:1)
  6 kobolds (D:2)
  2 quokkas
  2 ball pythons
  7 bats
  A giant gecko zombie (D:5)
  6 giant newts
  5 hobgoblin zombies (Ossuary)
  6 kobold zombies (Ossuary)
  2 orc zombies (Ossuary)
  2 quokka zombies (D:7)
  11 rats
  3 fungi
234 creatures vanquished.

Notes
Turn   | Place    | Note
--------------------------------------------------------------
     0 | D:1      | pouncival the Minotaur Berserker began the quest for the Orb.
     0 | D:1      | Reached XP level 1. HP: 19/19 MP: 0/0
    54 | D:1      | Reached XP level 2. HP: 19/27 MP: 1/1
   215 | D:1      | Reached skill level 4 in Fighting
   330 | D:1      | Reached ** piety under Trog
   391 | D:1      | Reached XP level 3. HP: 33/33 MP: 2/2
   564 | D:2      | Gained mutation: You are dopey. (Int -2) [potion of mutation]
   564 | D:2      | Gained mutation: You are frail (-10% HP). [potion of mutation]
   564 | D:2      | Gained mutation: Scrolls take you a little longer to read. [potion of mutation]
   811 | D:2      | Gained mutation: Your flesh is heat resistant. [potion of mutation]
   811 | D:2      | Gained mutation: You have a pair of large horns on your head. [potion of mutation]
   811 | D:2      | Gained mutation: Your body sometimes deteriorates upon taking damage. [potion of mutation]
   812 | D:2      | Gained mutation: You are very frail (-20% HP). [potion of mutation]
  1324 | D:3      | Reached XP level 4. HP: 30/32 MP: 3/3
  1357 | D:3      | Reached skill level 1 in Shields
  1395 | D:3      | Reached *** piety under Trog
  1422 | D:3      | Found a shattered altar of Ashenzari.
  1591 | D:3      | Reached XP level 5. HP: 30/37 MP: 4/4
  1924 | D:4      | Noticed an ice beast
  1938 | D:4      | Killed an ice beast
  1938 | D:4      | Reached skill level 5 in Fighting
  2151 | D:4      | Reached XP level 6. HP: 44/44 MP: 5/5
  2200 | D:4      | Found an oddly glowing altar of Pakellas.
  2200 | D:4      | Found Pakellas's Prime Provisions.
  2240 | D:4      | Noticed Menkaure
  2242 | D:4      | Found a sacrificial altar of Ru.
  2252 | D:4      | Killed Menkaure
  2252 | D:4      | Reached skill level 5 in Maces & Flails
  2860 | D:5      | Entered Level 5 of the Dungeon
  2866 | D:5      | Reached skill level 6 in Fighting
  2893 | D:5      | Reached XP level 7. HP: 27/50 MP: 6/6
  3039 | D:5      | Reached **** piety under Trog
  3093 | D:5      | Reached skill level 7 in Fighting
  3100 | D:5      | Gained mutation: You have large cloven feet. [mutagenic meat]
  3251 | D:5      | Noticed Crazy Yiuf
  3260 | D:5      | Killed Crazy Yiuf
  3260 | D:5      | Received a gift from Trog
  3320 | D:5      | Found a sand-covered staircase.
  3334 | Ossuary  | Entered an ossuary
  3336 | Ossuary  | Noticed Ponchio's ghost (novice TeCj)
  3353 | Ossuary  | Killed Ponchio's ghost
  3353 | Ossuary  | Reached skill level 5 in Armour
  3353 | Ossuary  | Reached XP level 8. HP: 26/59 MP: 7/7
  3584 | Ossuary  | Reached skill level 8 in Fighting
  3690 | Ossuary  | Reached skill level 5 in Dodging
  4092 | D:6      | Found a burning altar of Makhleb.
  4098 | D:6      | Found a glowing silver altar of Zin.
  4098 | D:6      | Noticed an angel
  4099 | D:6      | Noticed an Executioner
  4176 | D:6      | Reached skill level 9 in Fighting
  4176 | D:6      | Reached skill level 5 in Shields
  4189 | D:6      | Reached XP level 9. HP: 55/66 MP: 8/8
  4250 | D:6      | Found an ancient bone altar of Kikubaaqudgha.
  4708 | D:7      | Found a staircase to the Ecumenical Temple.
  4717 | Temple   | Entered the Ecumenical Temple
  5222 | D:8      | Reached skill level 10 in Fighting
  5505 | D:8      | Reached ***** piety under Trog
  5522 | D:8      | HP: 5/102 [orc warrior/long sword (10)]
  5891 | D:8      | Noticed Gastronok
  5909 | D:8      | Killed Gastronok
  5909 | D:8      | Reached skill level 11 in Fighting
  5909 | D:8      | Reached XP level 10. HP: 73/76 MP: 9/9
  5981 | D:8      | Received a gift from Trog
  6394 | D:8      | Found a shadowy altar of Dithmenos.
  6594 | D:9      | Found a deep blue altar of Sif Muna.
  6636 | D:9      | Noticed Suttyogo's ghost (novice DsBe)
  6637 | D:9      | Found a staircase to the Lair.
  6649 | D:9      | Killed Suttyogo's ghost
  6687 | Lair:1   | Entered Level 1 of the Lair of Beasts
  6765 | Lair:1   | Reached skill level 12 in Fighting
  6805 | Lair:1   | Noticed an oklob plant
  6805 | Lair:1   | Noticed an oklob plant
  6968 | Lair:1   | Noticed Harold
  7000 | Lair:1   | Killed Harold
  7000 | Lair:1   | Reached XP level 11. HP: 34/84 MP: 10/10
  7038 | Lair:1   | Noticed Zeloya's ghost (journeyman KoAE)
  7053 | Lair:1   | HP: 6/126 [Zeloya's ghost (5)]
  7055 | Lair:1   | Killed from afar by Zeloya's ghost

Skill      XL: |  1  2  3  4  5  6  7  8  9 10 |
---------------+-------------------------------+-----
Maces & Flails | 4 5 6 7 8 9 |  9.4
Fighting       | 4 5 6 7 9 11 12 | 12.4
Armour         | 3 4 5 6 7 8 |  8.8
Shields        | 1 2 4 5 6 7 |  7.0
Dodging        | 3 4 5 7 8 |  8.0
Stealth        | |  0.1

Action                   |  1- 3 |  4- 6 |  7- 9 | 10-12 || total
-------------------------+-------+-------+-------+-------++-------
Melee: Mace              |    89 |   122 |   401 |    37 ||   649
       Headbutt          |     8 |    24 |   108 |    27 ||   167
       Kick              |       |       |   141 |    44 ||   185
       Dire flail        |       |       |       |    78 ||    78
Throw: Tomahawk          |       |       |     1 |       ||     1
Invok: Berserk           |       |     2 |     5 |     2 ||     9
       Trog's Hand       |       |       |     2 |     1 ||     3
       Burn Spellbooks   |       |       |     3 |     1 ||     4
  Use: Scroll            |     8 |     2 |     6 |     1 ||    17
       Potion            |     3 |       |     8 |     1 ||    12
 Stab: Sleeping          |     2 |     2 |     3 |       ||     7
  Eat: Chunk             |     1 |     2 |    16 |     1 ||    20
       Bread ration      |       |     1 |     1 |     1 ||     3
       Fruit             |       |       |     1 |       ||     1
Armor: Animal skin       |    12 |       |       |       ||    12
       Ring mail         |     4 |    20 |    84 |    20 ||   128
       Leather armour    |     4 |       |       |       ||     4
Dodge: Dodged            |    22 |    32 |   131 |    70 ||   255
Block: Shield            |    29 |    48 |   205 |    21 ||   303
